 Dungeon Crawl Stone Soup version 0.30.1-4-g462c640d31 (webtiles) character file.

Game seed: 17117740454280345322

113 Zeor the Shooter (level 4, 0/34 HPs)
             Began as a Barachi Hunter on Aug 11, 2023.
             Slain by a black bear (3 damage)
             ... on level 3 of the Dungeon.
             The game lasted 00:05:39 (1717 turns).

Zeor the Shooter (Barachi Hunter)                   Turns: 1717, Time: 00:05:39

Health: 0/34       AC:  4    Str: 12    XL:     4   Next: 96%
Magic:  4/4        EV: 12    Int: 10    God:
Gold:   195        SH:  0    Dex: 17    Spells: 3/3 levels left

rFire   . . .        a - +2 shortbow
rCold   . . .        (shield currently unavailable)
rNeg    . . .        c - +0 leather armour
rPois   .            (no helmet)
rElec   .            (no cloak)
rCorr   .            j - +0 pair of gloves
SInv    .            (no boots)
Will    .....        (no amulet)
Stlth   ++           (no ring)
HPRegen 0.25/turn    (no ring)
MPRegen 0.09/turn

%: no passive effects
@: unable to hop, slow
A: amphibious, slowness 1, strong legs 1, +LOS
a: Hop


You were on level 3 of the Dungeon.
You visited 1 branch of the dungeon, and saw 3 of its levels.

You collected 195 gold pieces.

Inventory:

Hand Weapons
 a - a +2 shortbow (weapon)
Armour
 c - a +0 leather armour (worn)
 j - a +0 pair of gloves (worn)
Jewellery
 l - an amulet of magic regeneration
Scrolls
 b - a scroll of immolation
 h - a scroll of fog
Potions
 d - a potion of magic {unknown}
 e - a potion of brilliance
 f - 3 potions of might
 g - a potion of heal wounds {unknown}


   Skills:
 + Level 2.7 Fighting
 + Level 5.4 Ranged Weapons
 + Level 1.8 Armour
 + Level 2.6 Dodging
 + Level 1.1 Stealth


You had 3 spell levels left.
You didn't know any spells.
Your spell library contained the following spells:

 Spells                   Type           Power      Damage    Failure   Level
 Apportation              Tloc           0%         N/A       43%         1
 Necrotise                Necr           0%         1d4       43%         1
 Summon Small Mammal      Summ           0%         N/A       43%         1
 Gell's Gravitas          Tloc           0%         N/A       82%         3
 Teleport Other           Tloc           0%         N/A       82%         3
 Dispersal                Tloc           0%         N/A       100%        6


Dungeon Overview and Level Annotations

Branches:
Dungeon (3/15)

Altars:

Annotations:
D:3 1 transporter, 0gre's ghost, amateur DsFi


Innate Abilities, Weirdness & Mutations

You are amphibious.
You cover ground slowly.
You can hop short distances.
You have an extended range of vision and can be seen from far away.


Message History

The black bear claws you. x2
You shoot an arrow.
The arrow hits the black bear but does no damage.
The black bear is severely wounded.
The black bear misses you. The black bear completely misses you.
The black bear claws you.
You shoot an arrow. The arrow hits the black bear.
The black bear is almost dead.
The black bear misses you. The black bear claws you.
The black bear barely misses you. x2
The black bear claws you but does no damage.
The black bear closely misses you.
You are too injured to fight recklessly!
You are too injured to fight recklessly!
Fire: a) +2 shortbow
Press: ? - help, Q - select action, (/) - cycle Shift-Dir - straight line, f/p - black bear
Aim: a black bear (almost dead, berserk, 72% to hit)
You shoot an arrow. The arrow barely misses the black bear.
The black bear misses you.
The black bear claws you but does no damage. x2
The black bear barely misses you. The black bear closely misses you.
The black bear claws you but does no damage.
Fire: a) +2 shortbow
Press: ? - help, Q - select action, (/) - cycle Shift-Dir - straight line, f/p - black bear
Aim: a black bear (severely wounded, berserk, 72% to hit)
You shoot an arrow.
The arrow closely misses the black bear.
The black bear closely misses you. x2; The black bear claws you.
The black bear bites you but does no damage.
The black bear claws you. x2
* * * LOW HITPOINT WARNING * * *
Fire: a) +2 shortbow
Press: ? - help, Q - select action, (/) - cycle Shift-Dir - straight line, f/p - black bear
Aim: a black bear (severely wounded, berserk, 72% to hit)
You shoot an arrow. The arrow hits the black bear.
The black bear is almost dead.
The black bear closely misses you. The black bear claws you.
* * * LOW HITPOINT WARNING * * *
The black bear claws you.
You die...

∙∙∙∙∙∙∙∙∙Ω∙∙∙∙∙∙∙∙∙▒∙▒▒∙<▒▒▒
∙∙∙∙∙∙∙∙∙∙∙∙∙∙∙∙∙∙∙▒∙∙∙∙▒▒
∙∙∙∙∙∙∙∙∙∙∙∙∙∙∙∙∙∙∙▒▒∙∙∙∙
∙∙▒▒∙∙∙▒▒∙▒▒∙▒▒∙∙∙▒▒▒∙∙▒∙▒
∙∙∙∙∙∙∙∙∙▒∙∙▒▒▒▒∙▒ ▒∙▒▒∙▒
▒▒▒▒▒∙∙∙∙∙∙∙▒▒ ▒∙∙∙∙∙∙ ∙▒
▒∙▒▒∙∙∙∙∙▒ ▒▒▒▒▒∙∙ ∙▒
▒∙▒▒∙∙▒∙∙▒ ▒∙∙▒∙∙ ∙∙∙∙∙∙∙∙F▒
▒ ∙∙ ∙∙∙∙▒▒▒▒h▒ ▒∙∙∙∙ ▒∙▒
▒∙∙∙∙ ▒∙▒ ▒∙∙∙∙ ▒∙▒ ▒∙∙ ▒∙▒
▒∙† ▒∙∙∙ ▒▒∙∙∙


You could see a black bear (berserk).

Vanquished Creatures
  Terence (D:2)
  3 adders
  3 worms
  A dart slug (D:3)
  4 endoplasms
  3 giant cockroaches
  4 goblins
  4 hobgoblins
  4 jackals (D:1)
  4 quokkas
  6 ball pythons
  4 bats
  3 frilled lizards
  4 kobolds
  A rat (D:1)
49 creatures vanquished.

Notes
Turn   | Place    | Note
-------+----------+-------------------------------------------
     0 | D:1      | Zeor the Barachi Hunter began the quest for the Orb.
     0 | D:1      | Reached XP level 1. HP: 17/17 MP: 1/1
   179 | D:1      | Found a faded altar of an unknown god.
   233 | D:1      | Reached XP level 2. HP: 23/23 MP: 2/2
   997 | D:2      | Reached XP level 3. HP: 28/28 MP: 3/3
  1124 | D:2      | Noticed Terence
  1131 | D:2      | Killed Terence
  1132 | D:2      | Reached skill level 5 in Ranged Weapons
  1132 | D:2      | Reached skill level 1 in Armour
  1234 | D:2      | Reached XP level 4. HP: 34/34 MP: 4/4
  1257 | D:2      | Reached skill level 1 in Stealth
  1669 | D:3      | Found a transporter.
  1669 | D:3      | Noticed 0gre's ghost (amateur DsFi)
  1702 | D:3      | Noticed a black bear
  1717 | D:3      | Slain by a black bear

Illustrated notes

Levels and vault maps discovered:
D:1:      erik_arrival_cave_to_civilisation [erik_arrival_cave_to_hall],
          layout_basic, hellmonk_ecumenical_altar_heavens_door
D:2:      layout_rooms, minmay_pentomino_pile, uniq_terence
D:3:      layout_rooms, grunt_temple_overflow_order_and_chaos_2,
          general_overflow_altar, gammafunk_ghost_arena

Skill      XL: |  1  2  3  4 |
---------------+-------------+-----
Ranged Weapons | 5 |  5.4
Armour         | 1 |  1.8
Stealth        | 1 |  1.1
Fighting       | |  2.7
Dodging        | |  2.6

Action                     |  1- 3 |  4- 6 || total
---------------------------+-------+-------++-------
   Fire: Shortbow          |    62 |    74 ||   136
Ability: Hop               |       |     3 ||     3
    Use: Scroll            |     5 |     2 ||     7
         Potion            |       |     5 ||     5
 Armour: Leather armour    |     6 |    37 ||    43
  Dodge: Dodged            |    13 |    60 ||    73
